 Dungeon Crawl Stone Soup version 0.20.1-1-g8b1a95d (webtiles) character file.

217 rgaf the Sneak (level 6, -5/40 HPs)
             Began as a Kobold Berserker on Oct 1, 2017.
             Was a Believer of Trog.
             Slain by Grinder (7 damage)
             ... on level 4 of the Dungeon.
             The game lasted 00:04:54 (3892 turns).

rgaf the Sneak (Kobold Berserker)                   Turns: 3892, Time: 00:04:55

Health: -5/40      AC:  3    Str: 21    XL:     6   Next: 16%
Magic:  6/6        EV: 15    Int:  8    God:    Trog [**....]
Gold:   108        SH:  0    Dex: 13    Spells: 5/5 levels left

rFire    . . .     SeeInvis +   a - +0 short sword
rCold    . . .     Gourm    .   (shield restricted)
rNeg     . . .     Faith    .   b - +0 animal skin
rPois    .         Spirit   .   d - +0 hat
rElec    .         Reflect  .   (no cloak)
rCorr    .         Harm     .   r - +0 pair of gloves
MR       .....                  (no boots)
Stlth    +++.......             (no amulet)
Regen    0.2/turn               p - ring of see invisible
MPRegen  0.1/turn               (no ring)

@: mighty, berserk cooldown, slowed, very slow
A: carnivore 3, clumsy 1, robust 1
a: Berserk, Trog's Hand, Burn Spellbooks, Renounce Religion


You were on level 4 of the Dungeon.
You worshipped Trog.
Trog was pleased with you.
You were not hungry.

You visited 1 branch of the dungeon, and saw 4 of its levels.

You collected 108 gold pieces.

Inventory:

Hand Weapons
 a - a +0 short sword (weapon)
 e - a +1 spear of piercing
 y - a +0 dagger
Missiles
 i - 32 poisoned needles
Armour
 b - a +0 animal skin (worn)
 d - a +0 hat (worn)
 r - a +0 pair of gloves (worn)
Jewellery
 p - a ring of see invisible (left hand)
 v - a +4 ring of strength {unknown}
Wands
 z - a wand of iceblast (3/15)
Scrolls
 h - 2 scrolls of identify {unknown}
 j - a scroll of recharging {unknown}
 k - a scroll of remove curse {unknown}
 m - a scroll of amnesia {unknown}
 s - a scroll of teleportation {unknown}
 w - a scroll of blinking {unknown}
 x - a scroll of immolation {unknown}
Potions
 f - a potion of haste {unknown}
 g - a potion of flight {unknown}
 l - a potion of mutation
 n - a potion of brilliance {unknown}
 o - a potion of curing {unknown}
 q - 2 potions of might
 t - a potion of degeneration {unknown}
Books
 u - a book of Necromancy

   Spells                             Type                      Level
   a - Pain                           Necromancy                   1
   b - Animate Skeleton               Necromancy                   1
   c - Vampiric Draining              Necromancy                   3
   d - Regeneration                   Charms/Necromancy            3
   e - Animate Dead                   Necromancy                   4
   f - Control Undead                 Necromancy                   4
   Trog disapproves of the use of such an item.
Comestibles
 c - 3 meat rations


   Skills:
 - Level 3.2 Fighting
 + Level 5.8 Short Blades
 - Level 1.5 Armour
 - Level 2.4 Dodging
 * Level 6.4 Stealth


You had 5 spell levels left.
You didn't know any spells.

Dungeon Overview and Level Annotations

Branches:
Dungeon (4/15)
 Temple: D:4-7

Altars:
Okawaru
Sif Muna
Xom

Annotations:
D:4 Dowan, Grinder


Innate Abilities, Weirdness & Mutations

You are small and have problems with some larger weapons.
You are carnivorous and can eat meat at any time.
You are clumsy. (Dex -2)
You are robust. (+10% HP)


Message History

You hit Grinder but do no damage.
Grinder is almost dead.
Grinder misses you.
You closely miss Grinder.
Grinder is almost dead.
Grinder hits you.
* * * LOW HITPOINT WARNING * * *
You writhe in agony.
* * * LOW HITPOINT WARNING * * *
Grinder completely misses you.
It was a potion of mutation.
You feel extremely strange.
You feel clumsy.
You feel robust. Grinder barely misses you.
Okay, then.
Quiver which item? (- for none, * to show all) (? for menu, Esc to quit)
Okay, then.
It was a potion of might.
You feel very mighty all of a sudden. Grinder hits you!
You die...

...#...............#
.........#.....†....#
..#.#..#.#..#######.#
......#.#..# #.#
###....#.#..## #.#
P.....#.#... #<#
≈≈≈...e#.#..### #.#
≈≈≈....#.#5...# #.#
#.#@.# #.# #.#..# ###
#.#..# ###.
#)#..#.....
#.#........
#.....##### #######


You could see Grinder.

Vanquished Creatures
  The ghost of firebrand the Firebug, an amateur DEFE (D:3)
  Ijyb (D:4)
  4 adders (D:2)
  2 oozes
  2 worms
  3 dart slugs
  5 leopard geckos
  9 bats
  2 giant cockroaches
  4 goblins
  10 hobgoblins
  4 jackals (D:1)
  2 quokkas
  3 ball pythons
  2 frilled lizards
  3 kobolds
  8 rats
65 creatures vanquished.

Notes
Turn   | Place    | Note
-------+----------+-------------------------------------------
     0 | D:1      | rgaf the Kobold Berserker began the quest for the Orb.
     0 | D:1      | Reached XP level 1. HP: 14/14 MP: 1/1
   292 | D:1      | Reached skill level 1 in Stealth
   292 | D:1      | Reached XP level 2. HP: 12/19 MP: 2/2
   519 | D:1      | Reached skill level 2 in Stealth
   975 | D:1      | Reached XP level 3. HP: 18/23 MP: 3/3
  1361 | D:2      | Reached ** piety under Trog
  1361 | D:2      | Reached skill level 3 in Stealth
  1554 | D:2      | Found an iron altar of Okawaru.
  1680 | D:2      | Reached XP level 4. HP: 17/28 MP: 4/4
  1837 | D:2      | Reached skill level 5 in Short Blades
  1927 | D:2      | Reached skill level 4 in Stealth
  2484 | D:2      | Reached XP level 5. HP: 16/32 MP: 5/5
  2808 | D:2      | Found a deep blue altar of Sif Muna.
  3139 | D:3      | Reached skill level 5 in Stealth
  3556 | D:3      | Found a shimmering altar of Xom.
  3556 | D:3      | Noticed firebrand's ghost (amateur DEFE)
  3571 | D:3      | Killed firebrand's ghost
  3571 | D:3      | Reached skill level 6 in Stealth
  3684 | D:3      | Reached XP level 6. HP: 30/37 MP: 6/6
  3690 | D:4      | Noticed Ijyb
  3697 | D:4      | Killed Ijyb
  3853 | D:4      | Noticed Dowan
  3867 | D:4      | Noticed Grinder
  3890 | D:4      | HP: 1/37 [Grinder (6)]
  3891 | D:4      | Gained mutation: You are clumsy. (Dex -2) [potion of mutation]
  3891 | D:4      | Gained mutation: You are robust. (+10% HP) [potion of mutation]
  3892 | D:4      | Slain by Grinder

Skill      XL: |  1  2  3  4  5 |
---------------+----------------+-----
Stealth        | 1 2 3 4 6 |  6.4
Short Blades   | 5 |  5.8
Fighting       | |  3.2
Armour         | |  1.5
Dodging        | |  2.4

Action                   |  1- 3 |  4- 6 || total
-------------------------+-------+-------++-------
Melee: Short sword       |    45 |   154 ||   199
       Spear             |    60 |       ||    60
Invok: Berserk           |     2 |     3 ||     5
  Use: Potion            |       |     2 ||     2
 Stab: Sleeping          |     4 |     6 ||    10
       Distracted        |     1 |       ||     1
  Eat: Chunk             |     4 |     4 ||     8
       Meat ration       |       |     1 ||     1
Armor: Animal skin       |     9 |    24 ||    33
Dodge: Dodged            |    90 |   109 ||   199
